 Dungeon Crawl Stone Soup version 0.25-a0-285-gcba6f664f8 (webtiles) character file.

Game seed: 10222414226428676310, levelgen mode: deterministic

158 floatRand the Shield-Bearer (level 5, 43/45 HPs)
             Began as a Draconian Fighter on Dec 11, 2019.
             Quit the game on level 3 of the Dungeon.
             The game lasted 00:02:35 (1757 turns).

floatRand the Shield-Bearer (Draconian Fighter)     Turns: 1757, Time: 00:02:36

Health: 43/45      AC:  8    Str: 19    XL:     5   Next: 16%
Magic:  5/5        EV: 10    Int:  8    God:
Gold:   165        SH:  9    Dex: 11    Spells: 4/4 levels left

rFire    . . .     SeeInvis .   a - +0 long sword
rCold    . . .     Gourm    .   b - +0 shield
rNeg     . . .     Faith    .   (armour unavailable)
rPois    .         Spirit   .   (helmet restricted)
rElec    .         Reflect  .   (no cloak)
rCorr    .         Harm     .   f - +0 pair of gloves
MR       .....                  e - +1 pair of boots {Stlth+}
Stlth    +++.......             (no amulet)
HPRegen  0.15/turn              (no ring)
MPRegen  0.09/turn              (no ring)

@: no status effects
A: unfitting armour, cold-blooded, AC +5
a: no special abilities


You were on level 3 of the Dungeon.
You were not hungry.

You visited 1 branch of the dungeon, and saw 3 of its levels.

You collected 165 gold pieces.

Inventory:

Hand Weapons
 a - a +0 long sword (weapon)
Armour
 b - a +0 shield (worn)
 e - a +1 pair of boots of stealth (worn)
 f - a +0 pair of gloves (worn)
Magical Staves
 r - an uncursed staff of earth {unknown}
Jewellery
 p - a +2 ring of dexterity {unknown}
Scrolls
 g - a scroll of fog {unknown}
 h - a scroll of enchant armour {unknown}
 i - 2 scrolls of remove curse {unknown}
 n - a scroll of teleportation {unknown}
 o - 3 scrolls of immolation {unknown}
 q - a scroll of identify {unknown}
 t - a scroll of magic mapping {unknown}
Potions
 c - 2 potions of might
 j - 2 potions of flight {unknown}
 k - 2 potions of heal wounds {unknown}
 l - a potion of cancellation {unknown}
 m - a potion of curing {unknown}
Comestibles
 d - 7 rations
 s - 7 chunks of flesh


   Skills:
 - Level 3.2 Fighting
 * Level 3.6 Long Blades
 + Level 3.0 Dodging
 + Level 2.2 Stealth
 + Level 4.0 Shields


You had 4 spell levels left.
You didn't know any spells.
Your spell library was empty.

Dungeon Overview and Level Annotations

Branches:
Dungeon (3/15)

Altars:

Annotations:
D:3 3 runed translucent doors, Barrydekale's ghost, amateur DsIE


Innate Abilities, Weirdness & Mutations

Your plain brown scales are hard. (AC +5)
You cannot fit into any form of body armour.
You are cold-blooded and may be slowed by cold attacks.


Message History

Unknown command.
You closely miss the jackal. The jackal misses you.
You riposte.
You barely miss the jackal.
The jackal barks!
You tail-slap the jackal, but do no damage.
The jackal misses you.
You riposte.
You hit the jackal.
You kill the jackal!
Unknown command.
Unknown command.
No reachable target in view!
The jackal bites you.
Unknown command.
You slash the jackal!
You kill the jackal!
Unknown command.
No reachable target in view!
Unknown command.
No reachable target in view!
You see here a jackal corpse.
Are you sure you want to abandon this character and quit the game? (Confirm with "yes".)

#.###.########. ...S...#.# #.#
#.# ...#..$)...#.# #.# #.#
#..#.##.##.#.# #.# #.#
#..#.##.##.#.# #.###.#
#..#.##.##.#.# ##...#.#
#..#rs.....#.# .......#
#..#SwW....#.######
####...#####.#..###+++###....<.#
#.#..÷....#..@.........####.#
#....####.#.####..###### #.#
#...... ....# #†## ###.#
##...####.... .... #...# ##.##
#...#####.# #####.#.## #.# #...#
.. .....#... #.# #...# ###
#.#####. #..
#...###########...#...
#.........)...##..#.#.


You could see Barrydekale's ghost, an adder, a dart slug, a quokka and a giant
cockroach.

Vanquished Creatures
  An orc wizard (D:3)
  4 adders
  3 worms (D:3)
  3 leopard geckos
  5 orcs (D:3)
  A ball python (D:1)
  11 bats
  3 giant cockroaches
  10 goblins
  7 hobgoblins
  8 jackals
  5 frilled lizards
  13 kobolds
  4 rats
78 creatures vanquished.

Notes
Turn   | Place    | Note
-------+----------+-------------------------------------------
     0 | D:1      | floatRand the Draconian Fighter began the quest for the
                  | Orb.
     0 | D:1      | Reached XP level 1. HP: 19/19 MP: 1/1
    68 | D:1      | Reached XP level 2. HP: 22/26 MP: 2/2
   297 | D:1      | Reached skill level 1 in Stealth
   371 | D:1      | Reached XP level 3. HP: 31/31 MP: 3/3
   929 | D:2      | Reached XP level 4. HP: 27/38 MP: 4/4
  1605 | D:3      | Reached XP level 5. HP: 42/45 MP: 5/5
  1627 | D:3      | Reached skill level 4 in Shields
  1732 | D:3      | Found a runed translucent gate.
  1732 | D:3      | Found a runed translucent gate.
  1734 | D:3      | Found a runed translucent gate.
  1745 | D:3      | Noticed Barrydekale's ghost (amateur DsIE)
  1757 | D:3      | Quit the game

Levels and vault maps discovered:
D:1:      dpeg_arrival_court, layout_rooms
D:2:      layout_loops_cross
D:3:      layout_loops_ring, gammafunk_ghost_split, uniq_crazy_yiuf_cottage

Skill      XL: |  1  2  3  4  5 |
---------------+----------------+-----
Stealth        | 1 2 |  2.2
Long Blades    | 3 |  3.6
Dodging        | 3 |  3.0
Shields        | 4 |  4.0
Fighting       | |  3.2

Action                   |  1- 3 |  4- 6 || total
-------------------------+-------+-------++-------
Melee: Long sword        |   134 |    90 ||   224
       Tailslap          |    17 |    10 ||    27
 Stab: Sleeping          |     8 |     7 ||    15
  Eat: Chunk             |       |     3 ||     3
Armor: Skin              |    60 |    16 ||    76
Dodge: Dodged            |    76 |    31 ||   107
Block: Shield            |    85 |    32 ||   117
       Rpst.: Long sword |    19 |    13 ||    32

Table legend:
 A = Non-vault XP
 B = Vault XP
 C = Vault XP percentage of total XP
 D = Non-vault monster count
 E = Vault monster count
 F = Vault count percentage of total count
                 A         B        C        D         E       F
            +---------+---------+-------+---------+---------+-------
      Total |     227 |       0 |   0.0 |      78 |       0 |   0.0
            +---------+---------+-------+---------+---------+-------
        D:1 |      46 |       0 |   0.0 |      26 |       0 |   0.0
        D:2 |      83 |       0 |   0.0 |      31 |       0 |   0.0
        D:3 |      98 |       0 |   0.0 |      21 |       0 |   0.0
            +---------+---------+-------+---------+---------+-------
